 Dungeon Crawl Stone Soup version 0.28-a0-664-gc179e30c89 (webtiles) character file.

Game seed: 5311513994000116796

322 voltaire321 the Chopper (level 6, -8/48 HPs)
             Began as a Demonspawn Gladiator on Oct 16, 2021.
             Mangled by Gastronok (33 damage)
             ... on level 8 of the Dungeon.
             The game lasted 00:12:20 (4595 turns).

voltaire321 the Chopper (Demonspawn Gladiator)      Turns: 4595, Time: 00:12:20

Health: -8/48      AC: 10    Str: 16    XL:     6   Next: 22%
Magic:  0/6        EV: 12    Int: 18    God:
Gold:   175        SH:  4    Dex: 15    Spells: 3/5 levels left

rFire   . . .      SeeInvis .   a - +0 war axe
rCold   . . .      Faith    .   (no shield)
rNeg    . . .      Spirit   +   u - +1 ring mail
rPois   +          Reflect  .   (helmet restricted)
rElec   +          Harm     .   (no cloak)
rCorr   .          Rampage  .   (no gloves)
Will    .....                   (no boots)
Stlth   ..........              t - amulet of guardian spirit
HPRegen 0.16/turn               i - ring of poison resistance
MPRegen 0.10/turn               e - ring of Xublusch Bota {Drain rElec AC+4 Int+9 Stlth-}

@: no status effects
A: antennae 1, condensation shield, weakness stinger 1, demonic touch 1
a: no special abilities


You were on level 8 of the Dungeon.
You visited 1 branch of the dungeon, and saw 6 of its levels.

You collected 175 gold pieces.

Inventory:

Hand Weapons
 a - a +0 war axe (weapon)
Missiles
 d - 3 throwing nets (quivered)
Armour
 u - a +1 ring mail (worn)
Jewellery
 e - the ring of Xublusch Bota (right hand) {Drain rElec AC+4 Int+9 Stlth-}
   (You found it on level 4 of the Dungeon)

   [ring of protection]

   AC:        It affects your AC (+4).
   Int:       It affects your intelligence (+9).
   rElec:     It insulates you from electricity.
   Drain:     It drains your maximum health when unequipped.
   Stlth:     It makes you less stealthy.
 i - a ring of poison resistance (left hand)
 s - a +6 ring of strength
 t - an amulet of guardian spirit (around neck)
Wands
 c - a wand of polymorph (7)
Scrolls
 f - a scroll of identify
 n - a scroll of teleportation
 q - a scroll of fog
Potions
 b - a potion of haste {unknown}
 g - 3 potions of heal wounds
 h - 2 potions of curing {unknown}
 l - a potion of brilliance {unknown}
 m - 2 potions of magic
 r - 2 potions of flight


   Skills:
 + Level 3.7 Fighting
 + Level 3.8 Axes
 - Level 1.7 Throwing
 + Level 2.4 Armour
 + Level 3.8 Dodging
 + Level 0.2 Spellcasting
 + Level 0.3 Air Magic
 + Level 0.2 Poison Magic


You had 3 spell levels left.
You knew the following spells:

 Your Spells              Type           Power      Damage    Failure   Level
a - Poisonous Vapours     Pois/Air       2%         N/A       47%         2

Your spell library contained the following spells:

 Spells                   Type           Power      Damage    Failure   Level
 Sting                    Tmut/Pois      0%         1d3       36%         1
 Magic Dart               Conj           0%         1d3       38%         1
 Call Imp                 Summ           0%         N/A       52%         2
 Mephitic Cloud           Conj/Pois/Air  0%         N/A       73%         3
 Olgreb's Toxic Radiance  Pois           1%         N/A       98%         4


Dungeon Overview and Level Annotations

Branches:
Dungeon (5/15)
 Temple: D:4-7

Altars:
Zin

Annotations:
D:8 1 transporter, AlleluiaPinecone's ghost, novice VSBr; Gastronok


Innate Abilities, Weirdness & Mutations

You have a pair of small antennae on your head.
A meltable shield of frost defends you. (SH +4)
You have a small tail.
Your touch may inflict minor irresistible damage on your foes.


Message History

You slash Gastronok!
Gastronok is heavily wounded.
You slash Gastronok! You tail-slap Gastronok.
Gastronok is heavily wounded.
Gastronok waves his eye-stalks in wide circles.
The air twists around and strikes you!!
You slash Gastronok! You tail-slap Gastronok.
Gastronok is severely wounded.
Gastronok bites you!!
* * * LOW HITPOINT WARNING * * *
Okay, then.
You feel much better.
You slash Gastronok! You tail-slap Gastronok.
Gastronok is severely wounded.
You hit Gastronok.
You touch Gastronok.
Gastronok is severely wounded.
Gastronok bites you!
Okay, then.
Gastronok casts a spell.
Gastronok puts on a burst of speed!
You feel much better.
Okay, then.
As you read the scroll of fear, it crumbles to dust.
You assume a fearsome visage.
Gastronok resists with almost no effort.
The river rat looks frightened!
Gastronok chants a spell, wobbling all the while.
You feel sluggish.
You slash Gastronok!
Gastronok is severely wounded.
Gastronok waves his eye-stalks in wide circles.
The air twists around and strikes you!!
Ouch! That really hurt!
You hit Gastronok but do no damage.
Gastronok is severely wounded.
You hit Gastronok.
Gastronok is severely wounded.
Gastronok bites you!!
Ouch! That really hurt!
You die...

#.....#............
...........#..>....
...........##....#
...#.....####...##
####......##.....#
##.....##....##
##..........#
#..........#####.#
#..#....#..@w...#
##.######.####.#.#
### ### ... .#.#
..#.. .. #.# ### ##


You could see Gastronok (swift).

Vanquished Creatures
  An ogre (D:4)
  A scorpion zombie (D:5)
  2 iguanas
  An orc wizard (D:3)
  6 adders
  2 worms (D:2)
  4 dart slugs
  9 orcs
  7 ball pythons
  7 endoplasms
  7 goblins
  3 hobgoblins
  3 quokkas
  4 bats
  5 frilled lizards
  4 kobolds
  6 rats
72 creatures vanquished.

Notes
Turn   | Place    | Note
-------+----------+-------------------------------------------
     0 | D:1      | voltaire321 the Demonspawn Gladiator began the quest for
                  | the Orb.
     0 | D:1      | Reached XP level 1. HP: 16/16 MP: 1/1
   397 | D:1      | Discovered your monstrous ancestry.
   397 | D:1      | Gained mutation: You have a pair of small antennae on your
                  | head. [demonic ancestry]
   397 | D:1      | Reached XP level 2. HP: 9/22 MP: 2/2
  1069 | D:1      | Found a faded altar of an unknown god.
  1313 | D:2      | Reached skill level 1 in Armour
  1344 | D:2      | Gained mutation: A meltable shield of frost defends you.
                  | (SH +4) [demonic ancestry]
  1344 | D:2      | Reached XP level 3. HP: 8/28 MP: 3/3
  1963 | D:2      | Reached XP level 4. HP: 32/34 MP: 4/4
  3716 | D:4      | Gained mutation: Your touch may inflict minor irresistible
                  | damage on your foes. [demonic ancestry]
  3716 | D:4      | Reached XP level 5. HP: 21/41 MP: 3/5
  3946 | D:4      | Noticed an ogre
  3982 | D:4      | Killed an ogre
  4274 | D:4      | Gained mutation: You have a small tail. [demonic ancestry]
  4274 | D:4      | Reached XP level 6. HP: 41/47 MP: 3/6
  4410 | D:4      | Identified the ring of Xublusch Bota {Drain rElec AC+4
                  | Int+9 Stlth-}
  4462 | D:4      | Learned a level 2 spell: Poisonous Vapours
  4480 | D:5      | Entered Level 5 of the Dungeon
  4539 | D:5      | You fall into a shaft and drop 3 floors!
  4550 | D:8      | Found a transporter.
  4551 | D:8      | Noticed AlleluiaPinecone's ghost (novice VSBr)
  4551 | D:8      | Identified the +6 dire flail of Bimpuas {pain, Str+4 Dex-2
                  | Stlth+}
  4551 | D:8      | Identified the +5 great mace of Diwn {freeze, *Corrode
                  | Str+5}
  4551 | D:8      | Noticed a two-headed ogre
  4575 | D:8      | Noticed Gastronok
  4595 | D:8      | Mangled by Gastronok

Illustrated notes

Levels and vault maps discovered:
D:1:      dpeg_arrival_stonehenge_8_columns, layout_basic,
          dreamdust_ecumenical_altar_angels_and_demons, dk_noncrumbling_3,
          minmay_misc_feat_pillars
D:2:      layout_rooms
D:3:      layout_basic
D:4:      layout_rooms, mainiacjoe_overflow_small_starburst
D:5:      layout_gridville, overflow_temple_1_default,
          minmay_temple_entry_gardened_gates
D:8:      layout_cave_pools, lemuel_coloured_pillars_altar,
          gammafunk_ghost_smash, kennysheep_crisscross, uniq_gastronok,
          uniq_maurice

Skill      XL: |  1  2  3  4  5 |
---------------+----------------+-----
Dodging        | 3 |  3.8
Axes           | 3 |  3.8
Armour         | 1 2 |  2.4
Fighting       | 3 |  3.7
Throwing       | |  1.7
Spellcasting   | |  0.2
Air Magic      | |  0.3
Poison Magic   | |  0.2

Action                   |  1- 3 |  4- 6 || total
-------------------------+-------+-------++-------
Melee: War axe           |    99 |   145 ||   244
       Touch             |       |     8 ||     8
       Tailslap          |       |     8 ||     8
  Use: Scroll            |       |    13 ||    13
       Potion            |       |     2 ||     2
Armor: Leather armour    |    28 |     9 ||    37
       Ring mail         |       |    25 ||    25
Dodge: Dodged            |    69 |    82 ||   151
Block: Other             |     7 |    33 ||    40

Table legend: (Time is in decaauts)
 A = Elapsed time spent in this place.
 B = Non-inter-level travel time spent in this place.
 C = Inter-level travel time spent in this place.
 D = Time resting spent in this place.
 E = Time spent auto-exploring this place.
 F = Levels seen in this place.
 G = Mean time per level.
                   A        B        C        D        E       F      G
               +--------+--------+--------+--------+--------+-----+--------+
         Total |   4673 |   4636 |     37 |   1369 |   2300 |   6 |  778.8 |
       Dungeon |   4673 |   4636 |     37 |   1369 |   2300 |   6 |  778.8 |
               +--------+--------+--------+--------+--------+-----+--------+

Top non-repeatable levels by time:
     D:1: 1320 daAuts
     D:4: 1244 daAuts
     D:2: 1041 daAuts
     D:3: 945 daAuts
     D:5: 62 daAuts
     D:8: 59 daAuts
